[Event "Venerd-dì-rapid!"]
[Site "Chess.com"]
[Date "2020.04.17"]
[Round "5"]
[White "giulioscaglione"]
[Black "sergiodone"]
[Result "1-0"]
[WhiteElo "1291"]
[BlackElo "1291"]
[TimeControl "720+3"]
[EndTime "8:06:29 PDT"]
[Termination "giulioscaglione ha vinto per abbandono"]

1. b3 e5 2. Bb2 Nc6 3. e3 d6 4.
Bb5 Bd7 5. Ne2 f5 6. Ng3 Nf6 7. d3 g6 8. Nd2 Bg7 9. O-O Kf8 10. e4 f4 11. Ne2 Ne7 12. Bxd7 Qxd7 13. Nf3 h6 14. d4 Nxe4 15. dxe5 d5 16. e6 Qxe6 17. Bxg7+ Kxg7 18. Nxf4 Qc6 19. Qd4+ Kh7 20. Ne5 Qc3 21.
Qxc3 Nxc3 22. Rfe1 Rae8 23. Ng4 Nf5 24. Nf6+ Kg7 25.
Nxe8+ Kf7 26. Nxc7 Rb8 27. Ncxd5 Nxd5 28. Nxd5 Rc8 29. c4 b6 30. Rad1 h5 31. Nf4 Rc7 32.
Ne6 Rc8 33. Ng5+ Kf6 34. Ne4+ Kg7 35. Nd6 Nxd6 36. Rxd6 Rc7 37. Red1 Kh6 38. Rd7 Rc6 39. Rxa7 h4 40. h3 Re6 41. Kf1 Rf6 42. Rad7 b5 43. cxb5 Rb6 44. a4 Kg5 45. R7d6 Rb7 46. R1d5+ Kh6 47. a5 Rc7 48. b6 Rc1+ 49. Rd1 Rc3 50. b7 Rxb3 51. Rb6 1-0

[Event "Venerd-dì-rapid!"]
[Site "Chess.com"]
[Date "2020.04.17"]
[Round "5"]
[White "bellapero"]
[Black "karab89"]
[Result "1-0"]
[WhiteElo "1400"]
[BlackElo "1245"]
[TimeControl "720+3"]
[EndTime "8:08:55 PDT"]
[Termination "bellapero ha vinto per scaccomatto"]

1. e4 e6 2. Nf3 d5 3. exd5 exd5 4. d4 Nf6 5. Nc3 Ng8 6. Be2 Nf6 7. O-O Bd6 8. Nb5 O-O 9. Nxd6 Bg4 10. h3 Bxf3 11.
Bxf3 Qxd6 12. Be3 Nbd7 13. Re1 Rfe8 14. Qd3 c5 15. c4 Rac8 16. cxd5 Nxd5 17. dxc5 Nxc5 18.
Bxc5 Qxc5 19. Bxd5 Red8 20. Re5 Qd6 21. Re8+ Rxe8 22.
Bxf7+ Kxf7 23. Qxd6 Re7 24. Qd5+ Kg6 25. Qd6+ Kf7 26.
Qd5+ Kg6 27. g4 h5 28. Qf5+ Kh6 29. Qxh5# 1-0

[Event "Venerd-dì-rapid!"]
[Site "Chess.com"]
[Date "2020.04.17"]
[Round "6"]
[White "MarcoCiva"]
[Black "Ollarov"]
[Result "0-1"]
[WhiteElo "1505"]
[BlackElo "2015"]
[TimeControl "720+3"]
[EndTime "8:19:33 PDT"]
[Termination "Ollarov ha vinto per abbandono"]

1. d4 Nf6 2. c4 g6 3. Nc3 Bg7 4.
Bf4 O-O 5. e3 d6 6. Nf3 Nh5 7. Bg5 Nf6 8. Be2 c5 9. dxc5 Nc6 10. cxd6 exd6 11. O-O Be6 12. e4 Qc7 13. Bf4 Ne5 14. Nb5 Nxf3+ 15. Bxf3 Qxc4 16. Nxd6 Qb4 17. Rb1 Bxa2 18. Qd2 Qxd2 19. Bxd2 Bxb1 20. Rxb1 Rfd8 21.
Bf4 Nh5 22. Nxb7 Nxf4 23. Nxd8 Rxd8 24. Ra1 Bxb2 25. Rxa7 Ne6 26. h3 Rd2 27. Ra2 Bc3 28. Ra8+ Kg7 29. g4 Bd4 30. Ra1 0-1

[Event "Venerd-dì-rapid!"]
[Site "Chess.com"]
[Date "2020.04.17"]
[Round "6"]
[White "FrancescoZasa"]
[Black "giulioscaglione"]
[Result "0-1"]
[WhiteElo "752"]
[BlackElo "1297"]
[TimeControl "720+3"]
[EndTime "8:28:53 PDT"]
[Termination "giulioscaglione ha vinto per scaccomatto"]

1. d4 e6 2. Nf3 b6 3. Nc3 Bb4 4.
a3 Bxc3+ 5. bxc3 Bb7 6. h4 Ne7 7. e4 Bxe4 8. Ne5 d6 9. f3 Bb7 10. Ng4 h5 11. Nf2 Nd5 12. Bd3 Nxc3 13. Qd2 Nd5 14. O-O Ne7 15. Ne4 Nd7 16. g4 hxg4 17. fxg4 Rxh4 18. Qe1 Rxg4+ 19. Kh1 Ng6 20. Rg1 Qh4+ 21.
Qxh4 Rxh4+ 22. Kg2 f5 23. Kf1 fxe4 24. Rxg6 exd3 25. Rxg7 O-O-O 26. cxd3 Rf8+ 27. Rf7 Rxf7+ 28. Ke2 Rh2+ 29. Ke3 Rh3+ 30. Kd2 Rh1 31. Kc2 Rff1 32. a4 Ba6 33. d5 exd5 34. d4 Bd3+ 35. Kxd3 Rxc1 36.
Rxc1 Rxc1 37. Kd2 Rc4 38. Kd3 Rxa4 39. Ke3 c5 40. Kf4 c4 41. Ke3 Ra3+ 42. Kd2 Nf6 43. Kc2 Rb3 44. Kd2 a5 45. Kc2 a4 46. Kd2 a3 47. Kc2 a2 48. Kd2 a1=Q 49. Ke2 Qa2+ 50. Kd1 Rb1# 0-1

[Event "Venerd-dì-rapid!"]
[Site "Chess.com"]
[Date "2020.04.17"]
[Round "6"]
[White "sirmale49"]
[Black "bellapero"]
[Result "0-1"]
[WhiteElo "1374"]
[BlackElo "1495"]
[TimeControl "720+3"]
[EndTime "8:30:26 PDT"]
[Termination "bellapero ha vinto per abbandono"]

1. e4 c5 2. f4 d6 3. Nf3 Nc6 4. Bb5 Bd7 5. O-O Nf6 6. d3 g6 7. Nc3 Bg7 8. Rb1 O-O 9. a3 a6 10. Bc4 Nd4 11. Nxd4 cxd4 12. Nd5 e6 13. Nxf6+ Bxf6 14. Qf3 Bc6 15. Bd2 d5 16. Bb3 dxe4 17. dxe4 Bb5 18. Rfe1 Bg7 19. a4 Bc6 20. Rbd1 Re8 21.
c3 dxc3 22. Bxc3 Qb6+ 23. Bd4 Bxd4+ 24. Rxd4 Qxd4+ 25. Kh1 Qxb2 26. Qe3 Rad8 27. Rd1 Rxd1+ 28. Bxd1 Bxa4 29. Qe1 Bxd1 30. Qxd1 Qb6 31. h4 Rd8 32. Qf3 Qb1+ 33. Kh2 Rd1 34. Qc3 Rh1+ 35. Kg3 Qe1+ 0-1

[Event "Venerd-dì-rapid!"]
[Site "Chess.com"]
[Date "2020.04.17"]
[Round "6"]
[White "fausto2p"]
[Black "karab89"]
[Result "0-1"]
[WhiteElo "934"]
[BlackElo "1279"]
[TimeControl "720+3"]
[EndTime "8:31:39 PDT"]
[Termination "karab89 ha vinto per scaccomatto"]

1. d4 e6 2. Nf3 d5 3. c4 c5 4. cxd5 exd5 5. Nc3 Nc6 6. e3 c4 7. a3 Bf5 8. b3 b5 9. Nxb5 Qa5+ 10. Bd2 Qxb5 11.
bxc4 dxc4 12. Rb1 Qxb1 13. Qxb1 Bxb1 14. Bxc4 Bxa3 15. Bb5 Be4 16. Ng5 Bxg2 17. Rg1 Bd5 18. Nh3 g6 19. Nf4 Be4 20. Rg3 a6 21. Bc4 Nf6 22.
f3 Bc2 23. h4 Rb8 24. Bxa6 Bb4 25. Bc4 Na5 26. Bxb4 Nxc4 27. Bc5 Nxe3 28. Kd2 Nf5 29. Rh3 Ba4 30. h5 g5 31. Nd3 Nd7 32.
Ba7 Rb7 33. Bc5 Nxc5 34. dxc5 O-O 35. Rh2 Rd8 36. Re2 Rb3 37. Re5 Rdxd3+ 38. Ke2 Nd4+ 39. Kf1 Rxf3+ 40. Ke1 Rb1+ 41. Kd2 Rd1# 0-1

[Event "Venerd-dì-rapid!"]
[Site "Chess.com"]
[Date "2020.04.17"]
[Round "6"]
[White "donaldnecesito"]
[Black "BAKR1980"]
[Result "1-0"]
[WhiteElo "1758"]
[BlackElo "1538"]
[TimeControl "720+3"]
[EndTime "8:31:54 PDT"]
[Termination "donaldnecesito ha vinto per abbandono"]

1. e4 e5 2. Nf3 d6 3. Bc4 Be6 4.
Bb3 Bxb3 5. axb3 Nf6 6. d3 Be7 7. Nc3 O-O 8. O-O Nbd7 9. d4 exd4 10. Nxd4 c5 11. Nf5 Ne5 12. f4 Ng6 13. Qf3 a6 14. h4 Nd7 15. h5 Nh4 16. Qg4 Nxf5 17.
Qxf5 Bf6 18. g4 Bd4+ 19. Kg2 Qh4 20. Qxd7 f5 21. Rf3 Qxg4+ 22. Rg3 Qxh5 23. Be3 Bf6 24.
Nd5 Qe2+ 25. Kg1 Bxb2 26. c3 Rf7 27. Nf6+ Kf8 28. Nxh7+ Kg8 29. Nf6+ Kf8 30. Qxd6+ Re7 31. Bxc5 Qe3+ 32. Rxe3 1-0

[Event "Venerd-dì-rapid!"]
[Site "Chess.com"]
[Date "2020.04.17"]
[Round "6"]
[White "sergiodone"]
[Black "markk000"]
[Result "1-0"]
[WhiteElo "1304"]
[BlackElo "1544"]
[TimeControl "720+3"]
[EndTime "8:40:34 PDT"]
[Termination "sergiodone ha vinto per scaccomatto"]

1. e4 e5 2. d4 exd4 3. Nf3 c5 4. Bc4 Nf6 5. Nbd2 Nc6 6. c3 dxc3 7. bxc3 Bd6 8. O-O O-O 9. h3 Bc7 10. Bd3 Re8 11.
Bc2 h6 12. Re1 Rb8 13. Rb1 d5 14. exd5 Rxe1+ 15. Qxe1 Nxd5 16. Ne4 Qe7 17. Bb3 Nf4 18.
Bxf4 Bxf4 19. Rd1 b6 20. Bd5 Bd7 21. Nh2 Kf8 22. Ng4 f5 23. g3 Bc7 24. Nxh6 gxh6 25. Qe3 fxe4 26. Qxh6+ Qg7 27. Qh4 Na5 28. Bxe4 Bc6 29.
Bf5 Kf7 30. c4 Qf6 31. Qh7+ Qg7 32. Be6+ Kf8 33. Qf5+ Ke8 34. Qh5+ Kf8 35. Qf5+ Ke7 36.
Bd7 Qf6 37. Re1+ Kf7 38. Be6+ Kg7 39. Qg4+ Qg6 40. Qe2 Re8 41. Qb2+ Kh6 42. Qd2+ Qg5 43. Qc3 Bd7 44. h4 Qg7 45. Qe3+ Kh7 46. Qe4+ Kh8 47. Qd5 Bxe6 48. Qh5+ Kg8 49. Qxe8+ Qf8 50. Qxe6+ Qf7 51. Qg4+ Qg7 52. Re8+ Kf7 53. Qd7+ Kg6 54. Re6+ Kh7 55. Re7 Qxe7 56. Qxe7+ Kg6 57. Qxc7 Nxc4 58. Qc6+ Kf5 59. Qd7+ Ke4 60. Kg2 a5 61. h5 Ne5 62.
Qb7+ Kf5 63. h6 Kg6 64. h7 Nf7 65. Qxf7+ Kxf7 66. h8=Q Ke6 67. Qc3 Kd5 68. f3 b5 69.
g4 c4 70. Kf2 b4 71. Qc2 Kd4 72. Qe4+ Kc3 73. Ke2 Kb2 74. Kd2 c3+ 75. Kd1 Kxa2 76. Qc2+ Ka3 77. Kc1 a4 78. Kb1 b3 79. Qc1+ b2 80.
Qxc3# 1-0